 Dungeon Sprint DCSS version 0.27-a0-1154-gfdeffcb720 (webtiles) character file.

Game seed: 2612416594876912597

1200000 Zeld the Wrestler (level 14, -20/104 HPs)
             Began as an Octopode Gladiator on May 14, 2021.
             Was a Believer of Makhleb.
             Demolished by a bag of meat
             ... wielding a +9 war axe
              (33 damage)
             ... in the Dungeon (Sprint VIII: "Arena of Blood").
             The game lasted 00:00:37 (12 turns).

Zeld the Wrestler (Octopode Gladiator)                Turns: 12, Time: 00:00:38

Health: -20/104    AC:  1    Str: 17    XL:     14   Next: 8%
Magic:  14/14      EV: 24    Int: 11    God:    Makhleb [**....]
Gold:   0          SH:  0    Dex: 14    Spells: 13/13 levels left

rFire    . . .     SeeInvis .   i - +∞ Axe of Woe
rCold    . . .     Faith    .   (shield currently unavailable)
rNeg     . . .     Spirit   .   a - +0 hat
rPois    .         Reflect  .   (no amulet)
rElec    .         Harm     .   (no ring)
rCorr    .         Rampage  .   (no ring)
Will     +....     NoTele   +   (no ring)
Stlth    ++........             (no ring)
HPRegen  0.27/turn              (no ring)
MPRegen  0.14/turn              (no ring)
                                (no ring)
                                (no ring)

@: no status effects
A: almost no armour, amphibious, 8 rings, camouflage 1, gelatinous body 1,
(nimble swimmer 1), tentacles
a: Renounce Religion, Minor Destruction


You were in the Dungeon.
You worshipped Makhleb.
Makhleb was pleased with you.
You visited 1 branch

Inventory:

Hand Weapons
 i - the +∞ Axe of Woe (weapon)
   (You found it in the Dungeon)
Armour
 a - a +0 hat (worn)
Scrolls
 h - a scroll of blinking
Potions
 c - a potion of curing
 d - a potion of heal wounds
 e - a potion of haste
 f - 2 potions of magic
 g - a potion of berserk rage


   Skills:
 + Level 12.9 Fighting
 + Level 2.0 Axes
 + Level 12.8 Throwing
 + Level 21.8 Dodging
 + Level 21.9 Unarmed Combat


You had 13 spell levels left.
You didn't know any spells.
Your spell library was empty.

Dungeon Overview and Level Annotations

Branches:
Dungeon (1/1)

Altars:
Makhleb


Innate Abilities, Weirdness & Mutations

You cannot wear most types of armour.
You are amphibious.
You can wear up to eight rings at the same time.
Your skin changes colour to match your surroundings (Stealth+).
Your rubbery body absorbs attacks. (AC +1, EV +1)
((You are camouflaged near water. (Stealth+)))
You have tentacles for arms and can constrict up to eight enemies at once.


Message History

You hit the bag of meat.
You hew the bag of meat savagely.
You kill the bag of meat!
Makhleb accepts your kill.
You can now gain health from killing.
You hear a shout! x3
A bag of meat comes into view. It is wielding a +9 war axe.
You hear a shout! x3
The meat berserker hits you with a +9 battleaxe!!!!
Ouch! That really hurt!
* * * LOW HITPOINT WARNING * * *
You hear a shout! x4
The meat berserker completely misses you.
You hear a shout!
The bag of meat shouts!
You hear a shout!
Your Fighting skill increases to level 12!
Your Axes skill gained 2 levels and is now at level 2!
Your Throwing skill increases to level 12!
Your Dodging skill increases to level 21!
Your Unarmed Combat skill increases to level 21!
You have reached level 14!
You slice the bag of meat!!
You slaughter the bag of meat joyfully.
You kill the bag of meat!
Makhleb accepts your kill.
You slash the meat berserker!
You fatally mangle the meat berserker.
You kill the meat berserker!
Makhleb accepts your kill.
You slash the meat berserker!
You cleave the meat berserker in twain.
You kill the meat berserker!
Makhleb accepts your kill.
You can now harness Makhleb's destructive might.
The meat berserker appears out of thin air!
A meat berserker comes into view. It is wielding a +9 battleaxe.
The meat berserker shouts!
You hear a shout! x4
A bag of meat comes into view. It is wielding a +9 war axe.
You hear a shout!
A bag of meat comes into view. It is wielding a +9 war axe.
You hear a shout! x3
A bag of meat comes into view. It is wielding a +9 war axe.
You hear a shout!
A bag of meat comes into view. It is wielding a +9 war axe.
The bag of meat hits you with a +9 war axe!!
You die...

..... .. #...
.# . #... ..#
..###... ..###.
......###......
....._......
#..oo.# #_o@O_#
#..)..#
.o...O......
.o....###o.....
.o###.o. ..###.
. #... ..# #...
.# ..... ..


You could see 2 meat berserkers and 8 bags of meat.

Vanquished Creatures
  3 ogres (D)
  2 orcs (D)
5 creatures vanquished.

Notes
Turn   | Place    | Note
-------+----------+-------------------------------------------
     0 | D        | Found the +∞ Axe of Woe
     0 | D        | Zeld the Octopode Gladiator began the quest for the Orb.
     0 | D        | Reached XP level 1. HP: 14/14 MP: 1/1
     2 | D        | Noticed a bag of meat
     3 | D        | Noticed a meat berserker
     4 | D        | Became a worshipper of Makhleb the Destroyer
     6 | D        | Noticed a bag of meat
     7 | D        | Noticed a bag of meat
     7 | D        | Noticed a bag of meat
     8 | D        | Killed a meat berserker
     8 | D        | Noticed a meat berserker
     8 | D        | Noticed a bag of meat
     8 | D        | Noticed a meat berserker
     9 | D        | Reached XP level 2. HP: 34/34 MP: 2/2
     9 | D        | Reached XP level 3. HP: 39/39 MP: 3/3
     9 | D        | Reached XP level 4. HP: 45/45 MP: 4/4
     9 | D        | Reached XP level 5. HP: 51/51 MP: 5/5
     9 | D        | Reached XP level 6. HP: 57/57 MP: 6/6
     9 | D        | Reached XP level 7. HP: 62/62 MP: 7/7
     9 | D        | Reached XP level 8. HP: 68/68 MP: 8/8
     9 | D        | Reached XP level 9. HP: 73/73 MP: 9/9
     9 | D        | Reached XP level 10. HP: 80/80 MP: 10/10
     9 | D        | Reached XP level 11. HP: 85/85 MP: 11/11
     9 | D        | Reached XP level 12. HP: 91/91 MP: 12/12
     9 | D        | Reached XP level 13. HP: 96/96 MP: 13/13
    10 | D        | Noticed a meat berserker
    11 | D        | Killed a bag of meat
    11 | D        | Reached * piety under Makhleb
    11 | D        | Noticed a bag of meat
    12 | D        | Reached XP level 14. HP: 13/104 MP: 14/14
    12 | D        | Killed a bag of meat
    12 | D        | Killed a meat berserker
    12 | D        | Killed a meat berserker
    12 | D        | Reached ** piety under Makhleb
    12 | D        | Noticed a meat berserker
    12 | D        | Noticed a bag of meat
    12 | D        | Noticed a bag of meat
    12 | D        | Noticed a bag of meat
    12 | D        | Noticed a bag of meat
    12 | D        | Demolished by a bag of meat

Illustrated notes

Levels and vault maps discovered:
D:        meatsprint

Skill      XL: |  1  2  3  4  5  6  7  8  9 10 11 12 13 |
---------------+----------------------------------------+-----
Fighting       | 11 12 | 12.9
Throwing       | 11 12 | 12.8
Dodging        | 20 21 | 21.8
Unarmed Combat | 20 21 | 21.9
Axes           | 2 |  2.0

Action                   |  1- 3 |  4- 6 |  7- 9 | 10-12 | 13-15 || total
-------------------------+-------+-------+-------+-------+-------++-------
Melee: Executioner's axe |     1 |       |       |       |     2 ||     3
Dodge: Dodged            |       |       |       |       |     1 ||     1

Table legend: (Time is in decaauts)
 A = Elapsed time spent in this place.
 B = Non-inter-level travel time spent in this place.
 C = Inter-level travel time spent in this place.
 D = Time resting spent in this place.
 E = Time spent auto-exploring this place.
 F = Levels seen in this place.
 G = Mean time per level.
                   A        B        C        D        E       F      G
               +--------+--------+--------+--------+--------+-----+--------+
         Total |     13 |     13 |      0 |      0 |      0 |   1 |   13.0 |
       Dungeon |     13 |     13 |      0 |      0 |      0 |   1 |   13.0 |
               +--------+--------+--------+--------+--------+-----+--------+

Top non-repeatable levels by time:
       D: 13 daAuts
